 Seeded DCSS version 0.25.0-45-g9783441 (webtiles) character file.

Game seed: 7836045750160665886 (custom seed)

371 Auros the Cleaver (level 6, 0/78 HPs)
             Began as a Hill Orc Monk on July 16, 2020.
             Slain by cpf86's ghost (4 damage)
             ... on level 3 of the Dungeon.
             The game lasted 00:13:37 (3654 turns).

Auros the Cleaver (Hill Orc Monk)                   Turns: 3654, Time: 00:13:38

Health: 0/78       AC: 10    Str: 16    XL:     6   Next: 71%
Magic:  6/6        EV:  7    Int: 10    God:
Gold:   56         SH:  0    Dex: 13    Spells: 5/5 levels left

rFire    . . .     SeeInvis .   a - +0 hand axe
rCold    . . .     Gourm    .   (no shield)
rNeg     . . .     Faith    .   v - +0 chain mail
rPois    .         Spirit   .   (no helmet)
rElec    .         Reflect  .   n - +1 cloak
rCorr    .         Harm     .   (no gloves)
MR       .....     Rnd*Tele +   (no boots)
Stlth    ..........             (no amulet)
HPRegen  0.23/turn              d - ring of teleportation (curse)
MPRegen  0.10/turn              (no ring)

@: berserking (expiring), very quick
A: no striking features
a: no special abilities


You were on level 3 of the Dungeon.
You were not hungry.

You visited 1 branch of the dungeon, and saw 4 of its levels.

You collected 56 gold pieces.

Inventory:

Hand Weapons
 a - a +0 hand axe (weapon)
 g - a +0 hunting sling
Missiles
 e - 74 sling bullets
 j - 47 arrows
 k - 36 bolts
 s - 21 poisoned darts
 u - 8 javelins
 Z - 84 stones (quivered)
Armour
 b - a +0 robe
 l - a +0 scale mail
 n - a +1 cloak (worn)
 v - a +0 chain mail (worn)
Jewellery
 d - a cursed ring of teleportation (left hand)
Scrolls
 c - 7 scrolls of identify {unknown}
 o - a scroll of enchant armour {unknown}
 p - a scroll of remove curse {unknown}
 r - a scroll of amnesia {unknown}
 t - 2 scrolls of teleportation
Potions
 h - a potion of stabbing
 i - a potion of heal wounds {unknown}
 m - a potion of curing
Comestibles
 q - 5 chunks of flesh
 z - 4 rations


   Skills:
 - Level 3.8 Fighting
 + Level 9.3 Axes
 - Level 2.5 Dodging
 - Level 1.8 Stealth


You had 5 spell levels left.
You didn't know any spells.
Your spell library was empty.

Dungeon Overview and Level Annotations

Branches:
Dungeon (4/15)
 Temple: D:4-7

Altars:
Okawaru

Annotations:
D:3 cpf86's ghost, amateur GnWn


Message History

The bullfrog is almost dead.
The bullfrog hits you but does no damage.
You slash the bullfrog!
You kill the bullfrog!
Your Axes skill increases to level 9!
Cpf86's ghost shrieks, "I was like you once."
You hit the adder.
The adder is almost dead.
The adder bites you but does no damage.
You closely miss the adder.
The adder is almost dead.
The adder closely misses you.
You slash the adder!
You kill the adder!
You are too berserk!
Cpf86's ghost misses you.
You closely miss cpf86's ghost.
Cpf86's ghost is moderately damaged.
Cpf86's ghost hits you.
You die...

############..'......#
#.
.............##.....##
##
############.########
#.........<#.#
#.##########W# #.# #.#
#.# #.# #.#
#.############### #.#
#....W@.........# #.#
###############.# ..#
#..............# ###
#.############.# #<#
#.# ### ###


You could see cpf86's ghost.

Vanquished Creatures
  A bullfrog (D:3)
  A hound (D:3)
  Crazy Yiuf (D:3)
  An orc wizard (D:3)
  A worker ant (D:2)
  3 gnolls (D:3)
  9 adders
  An ooze (D:1)
  3 worms
  5 dart slugs
  A leopard gecko (D:3)
  4 orcs (D:3)
  8 bats
  3 giant cockroaches
  6 goblins
  5 hobgoblins
  5 jackals
  2 quokkas (D:2)
  4 frilled lizards (D:1)
  2 kobolds
  8 rats
74 creatures vanquished.

Notes
Turn   | Place    | Note
-------+----------+-------------------------------------------
     0 | D:1      | Auros the Hill Orc Monk began the quest for the Orb.
     0 | D:1      | Reached XP level 1. HP: 19/19 MP: 1/1
    37 | D:1      | Reached XP level 2. HP: 15/27 MP: 2/2
   530 | D:1      | Reached XP level 3. HP: 33/33 MP: 3/3
   621 | D:1      | Reached skill level 5 in Axes
  1355 | D:2      | Reached skill level 6 in Axes
  1355 | D:2      | Reached XP level 4. HP: 21/40 MP: 4/4
  1777 | D:2      | Found an iron altar of Okawaru.
  1940 | D:2      | You fall into a shaft and drop 1 floor!
  1948 | D:3      | Reached skill level 7 in Axes
  1948 | D:3      | Reached XP level 5. HP: 39/46 MP: 5/5
  2434 | D:3      | Found a runed translucent door.
  2436 | D:3      | Noticed Crazy Yiuf
  2461 | D:3      | Killed Crazy Yiuf
  2677 | D:3      | Reached skill level 8 in Axes
  2896 | D:3      | Found a runed translucent door.
  2896 | D:3      | Noticed cpf86's ghost (amateur GnWn)
  3232 | D:3      | Reached XP level 6. HP: 52/52 MP: 6/6
  3644 | D:3      | HP: 3/78 [bullfrog (4)]
  3649 | D:3      | Reached skill level 9 in Axes
  3654 | D:3      | Slain by cpf86's ghost

Illustrated notes

Levels and vault maps discovered:
D:1:      dpeg_arrival_stonehenge_8_columns, layout_basic
D:2:      layout_basic, okawaru_metal_pillars_1_2, tgw_trog
D:3:      minmay_wonky_spiral, layout_basic, ebering_ghost_sewer_d,
          kennysheep_small_spiral, uniq_crazy_yiuf_cottage
D:4:      cheibrodos_thug_alley, layout_cave_pools, vehumet_altar_wand_db,
          serial_shops, nicolae_shop_behind_doors, first_ration

Skill      XL: |  1  2  3  4  5  6 |
---------------+-------------------+-----
Axes           | 6 7 8 9 |  9.3
Fighting       | |  3.8
Dodging        | |  2.5
Stealth        | |  1.8

Action                   |  1- 3 |  4- 6 || total
-------------------------+-------+-------++-------
Melee: Hand axe          |   147 |   222 ||   369
 Fire: Hunting sling     |     1 |     5 ||     6
  Use: Scroll            |       |     1 ||     1
       Potion            |       |     3 ||     3
 Stab: Sleeping          |     1 |       ||     1
  Eat: Chunk             |     2 |     7 ||     9
Armor: Robe              |    19 |       ||    19
       Scale mail        |    29 |    42 ||    71
       Chain mail        |       |    49 ||    49
Dodge: Dodged            |    90 |   113 ||   203
